 Dungeon Crawl Stone Soup version 0.29-a0-973-gac7da5f7f0 (webtiles) character file.

Game seed: 10577731190072558057

105249 HoaS the Marksgargoyle (level 16, -4/110 HPs)
             Began as a Gargoyle Hunter on July 31, 2022.
             Was the Champion of Okawaru.
             Slain by a wolf spider (15 damage)
             ... on level 1 of the Spider Nest.
             The game lasted 00:50:05 (23609 turns).

HoaS the Marksgargoyle (Gargoyle Hunter)           Turns: 23609, Time: 00:50:06

Health: -4/110     AC: 34    Str: 21    XL:     16   Next: 40%
Magic:  16/23      EV: 26    Int: 10    God:    Okawaru [******]
Gold:   1702       SH:  5    Dex: 19    Spells: 15/15 levels left

rFire   . . .      SeeInvis .   a - +9 shortbow (venom)
rCold   . . .      Faith    .   (shield currently unavailable)
rNeg    + . .      Spirit   .   E - +2 troll leather armour of the Flute {Regen+ Str+4}
rPois   ∞          Reflect  +   p - +2 helmet
rElec   +          Harm     .   h - +2 cloak
rCorr   .          Rampage  .   s - +1 pair of gloves
Will    +....                   j - +2 pair of boots
Stlth   ++++......              v - amulet of the Voivode {Reflect Slay+6 SH+5 Stlth+}
HPRegen 1.08/turn               i - +4 ring of protection
MPRegen 0.18/turn               (no ring)

@: heroic, finesse-ful, flying
A: sickness immunity, AC +12, big wings, negative energy resistance 1,
electricity resistance, torment resistance 1, petrification resistance
a: Renounce Religion, Heroism, Finesse, Duel


You were on level 1 of the Spider Nest.
You worshipped Okawaru.
Okawaru was exalted by your worship.
You visited 5 branches of the dungeon, and saw 25 of its levels.
You also visited: Ossuary.

You collected 2975 gold pieces.
You spent 1273 gold pieces at shops.

Inventory:

Hand Weapons
 a - a +9 shortbow of venom (weapon)
 I - a +7 longbow of flaming
Missiles
 l - 5 throwing nets
Armour
 h - a +2 cloak (worn)
 j - a +2 pair of boots (worn)
 p - a +2 helmet (worn)
 s - a +1 pair of gloves (worn)
 x - +0 steam dragon scales
 E - the +2 troll leather armour of the Flute (worn) {Regen+ Str+4}
   (Okawaru gifted it to you on level 5 of the Lair of Beasts)

   Str:       It affects your strength (+4).
   Regen:     It increases your rate of health regeneration.
Jewellery
 i - a +4 ring of protection (left hand)
 v - the amulet of the Voivode (around neck) {Reflect Slay+6 SH+5 Stlth+}
   (You acquired it on level 9 of the Dungeon)

   [amulet of reflection]

   It reflects blocked missile attacks.
   Slay:      It affects your accuracy & damage with ranged weapons and melee
   (+6).
   SH:        It affects your SH (+5).
   Stlth:     It makes you more stealthy.
 G - the ring of Suspicion {Wiz rPois rF- rCorr SInv}
   (You found it on level 13 of the Dungeon)

   [ring of wizardry]

   It improves your spell success rate.
   rF:        It makes you vulnerable to fire.
   rPois:     It protects you from poison.
   SInv:      It lets you see invisible.
   rCorr:     It protects you from acid and corrosion.
Wands
 k - a wand of roots (26)
 u - a wand of polymorph (9)
 A - a wand of flame (21)
 B - a wand of mindburst (9)
Scrolls
 b - 3 scrolls of immolation
 f - 7 scrolls of teleportation
 o - 5 scrolls of blinking
 r - 4 scrolls of fear
 w - 7 scrolls of poison
 y - 2 scrolls of brand weapon
 z - a scroll of magic mapping
 H - 3 scrolls of enchant weapon
 J - 4 scrolls of identify
Potions
 c - 3 potions of attraction
 d - 3 potions of heal wounds
 g - 10 potions of curing
 m - 2 potions of ambrosia
 n - 8 potions of mutation
 q - 8 potions of lignification
 t - 4 potions of invisibility
 C - 6 potions of might
 D - 4 potions of cancellation
 F - 2 potions of haste


   Skills:
 - Level 16.0(21.0) Fighting
 - Level 16.0(21.0) Ranged Weapons
 * Level 15.4(20.4) Dodging
 - Level 1.1(6.1) Stealth
 - Level 9.5 Invocations


You had 15 spell levels left.
You didn't know any spells.
Your spell library contained the following spells:

 Spells                   Type           Power      Damage    Failure   Level
 Foxfire                  Conj/Fire      0%         2x1d4     41%         1
 Magic Dart               Conj           0%         1d3       41%         1
 Static Discharge         Conj/Air       0%         3-3/arc   54%         2
 Wereblood                Tmut           0%         N/A       54%         2
 Conjure Flame            Conj/Fire      0%         6-21      78%         3
 Inner Flame              Hex/Fire       0%         N/A       78%         3
 Anguish                  Hex/Necr       0%         N/A       99%         4
 Dispel Undead            Necr           0%         3d6       99%         4
 Flame Wave               Conj/Fire      0%         2d4       99%         4
 Petrify                  Tmut/Erth      0%         N/A       99%         4
 Sticky Flame             Conj/Fire      0%         2d3       99%         4
 Blade Hands              Tmut           0%         N/A       100%        5
 Metabolic Englaciation   Hex/Ice        0%         N/A       100%        5
 Iron Shot                Conj/Erth      0%         9d1       100%        6
 Enfeeble                 Hex            0%         N/A       100%        7
 Sublimation of Blood     Necr           Unusable   N/A       N/A         2
 Animate Armour           Summ/Erth      Unusable   N/A       N/A         4
 Statue Form              Tmut/Erth      Unusable   N/A       N/A         6
 Summon Hydra             Summ           Unusable   N/A       N/A         7

Dungeon Overview and Level Annotations

Branches:
Dungeon (15/15)            Temple (1/1) D:5            Lair (5/5) D:8
  Swamp (0/4) Lair:2       Spider (2/4) Lair:3        Slime (0/5) Lair:4
    Orc (2/2) D:12            Elf (0/3) Orc:2        Vaults (0/5) D:14
 Depths (0/4) D:15        Ossuary (visited)

Altars:
Ashenzari
Cheibriados
Dithmenos
Elyvilon
Fedhas
Gozag
Hepliaklqana
Kikubaaqudgha
Makhleb
Nemelex Xobeh
Okawaru
Qazlal
Ru
Sif Muna
Trog
Uskayaw
Vehumet
Wu Jian
Xom
Yredelemnul
Zin
The Shining One
Jiyva

Shops:
D:11 ?   D:13 [?   D:15 :   Orc:1 !   Orc:2 [*[(


Innate Abilities, Weirdness & Mutations

You are immune to sickness and miasma.
Your stone body is resilient. (AC +12)
You are immune to poison.
Your large and strong wings let you fly.
You resist negative energy. (rN+)
You are resistant to electric shocks. (rElec)
You are resistant to unholy torment.
You are immune to petrification.


Message History

The tarantella closely misses you.
You shoot an arrow. The arrow hits the radroach!!
The radroach looks as sick as possible!
The radroach is severely wounded.
The redback closely misses you. The wolf spider hits you!
The wolf spider bites you. The radroach misses you.
The radroach claws you but does no damage.
The pharaoh ant misses you. The tarantella misses you.
The wolf spider closely misses you.
The wolf spider bites you but does no damage.
The redback barely misses you.
You shoot an arrow. The arrow hits the radroach!
The radroach looks as sick as possible!
The radroach is severely wounded.
The wolf spider misses you.
The wolf spider bites you but does no damage.
The pharaoh ant bites you! The tarantella misses you.
The redback closely misses you. The radroach barely misses you.
The radroach claws you but does no damage.
You are too injured to fight recklessly!
You are too injured to fight recklessly!
You gain the combat prowess of a mighty hero.
The wolf spider misses you. The wolf spider closely misses you.
The wolf spider hits you!
The wolf spider bites you but does no damage.
The redback barely misses you. The tarantella completely misses you.
The pharaoh ant barely misses you. The radroach completely misses you.
You block the radroach's attack.
You can now deal lightning-fast blows.
The wolf spider hits you!!
* * * LOW HITPOINT WARNING * * *
You block the wolf spider's attack. The redback barely misses you.
The tarantella closely misses you. The pharaoh ant completely misses you.
The wolf spider barely misses you.
The wolf spider bites you but does no damage.
You block the redback's attack. The tarantella misses you.
The pharaoh ant bites you but does no damage.
You block the radroach's attack. The radroach closely misses you.
The wolf spider hits you!
You die...

..## ##..#...#### # #..#
###.†.^...#..## #..#
#...##.#......## ..##
#...######..#..# .##
##..###....###..# .#
#####...#>##..##...##
####..##..##...s##....#
##....[#..#^..^sBs..##### #####
#...#.....#..###@B###.#.#####.#.#
..#####..###...##s...............
.## #####..........#.#.......#.
## #######################


You could see a radroach (extremely poisoned), a wolf spider (berserk), a
pharaoh ant, a tarantella and 2 redbacks.

Vanquished Creatures
  Saint Roka (Orc:2)
  Rupert (D:14)
  Agnes (D:15)
  An emperor scorpion (Spider:1)
  A stone giant (D:15)
  Nessos (D:14)
  An entropy weaver (Spider:1)
  Azrael (D:13)
  6 hydras
  Harold (D:10)
  2 boulder beetles
  3 ogre magi
  Erica (D:10)
  A radroach (Spider:1)
  A death knight (D:14)
  3 centaur warriors
  12 two-headed ogres
  3 catoblepae (Lair:5)
  7 death yaks
  3 tengu warriors (D:13)
  An orc high priest (Orc:2)
  A skeletal warrior (D:14)
  An iron troll (Orc:2)
  A deep troll (Orc:2)
  A pharaoh ant (Spider:1)
  Lodul (D:13)
  An orb spider (Spider:1)
  4 lindwurms (D:13)
  3 wizards
  3 orc knights
  2 deep elf pyromancers
  A deep elf zephyrmancer (D:8)
  16 ugly things
  4 oklob plants (Lair:3)
  8 cyclopes
  4 wolf spiders
  2 orc sorcerers (Orc:2)
  5 manticores
  Maurice (D:13)
  5 black mambas
  5 gargoyles
  2 torpor snails
  4 unseen horrors
  6 cane toads
  A freezing wraith (D:15)
  10 komodo dragons
  4 kobold demonologists (D:10)
  4 rime drakes (Lair:2)
  A tengu conjurer (D:13)
  3 demonic crawlers (Spider:1)
  11 trolls
  4 tarantellas (Spider:1)
  2 polar bears (Lair:4)
  6 slime creatures (D:14)
  2 hornets
  10 blink frogs
  8 jumping spiders (Spider:1)
  4 dream sheep (Lair:4)
  A water elemental (D:11)
  2 vampires
  2 culicivoras (Spider:1)
  25 yaks
  16 humans (D:14)
  A shadow (D:12)
  3 wraiths
  3 basilisks
  A basilisk (shapeshifter) (D:15)
  16 redbacks (Spider:1)
  3 steam dragons
  4 fire elementals (D:13)
  4 vampire mosquitoes (D:12)
  Menkaure (D:7)
  2 wargs
  An acid dragon (D:10)
  8 water moccasins
  4 hell hounds (D:13)
  26 orc warriors
  An ice beast (D:6)
  A black bear (D:8)
  3 sky beasts
  33 ogres
  4 boggarts (D:15)
  9 centaurs
  18 wolves
  A kobold brigand (D:8)
  17 bullfrogs
  11 scorpions
  10 killer bees
  7 electric eels
  5 howler monkeys
  A centaur zombie (Ossuary)
  25 orc priests
  5 hounds
  3 human zombies (Ossuary)
  5 jellies
  5 iguanas
  18 orc wizards
  6 scorpion zombies (Ossuary)
  3 mummies (Ossuary)
  3 adders
  7 gnolls
  2 shadow imps
  2 white imps (D:7)
  2 ufetubi
  2 worms
  3 dart slugs (D:2)
  94 orcs
  8 endoplasms
  3 giant cockroaches
  15 goblins
  3 hobgoblins
  5 jackals
  2 quokkas
  7 ball pythons
  3 bats
  A frilled lizard (D:1)
  3 goblin zombies (Ossuary)
  A hobgoblin zombie (Ossuary)
  14 kobolds
  3 kobold zombies (Ossuary)
  4 orc zombies (Ossuary)
  4 rats
708 creatures vanquished.

Vanquished Creatures (collateral kills)
  Grinder (D:3)
1 creature vanquished.

Vanquished Creatures (others)
  20 fungi
  33 plants
53 creatures vanquished.

Grand Total: 762 creatures vanquished

Notes
Turn   | Place    | Note
-------+----------+-------------------------------------------
     0 | D:1      | HoaS the Gargoyle Hunter began the quest for the Orb.
     0 | D:1      | Reached XP level 1. HP: 12/12 MP: 1/1
   205 | D:1      | Reached XP level 2. HP: 17/17 MP: 2/2
  1072 | D:2      | Reached XP level 3. HP: 21/21 MP: 3/3
  1076 | D:2      | Reached skill level 5 in Ranged Weapons
  1488 | D:2      | Reached XP level 4. HP: 26/26 MP: 4/4
  2178 | D:3      | Noticed Grinder
  2195 | D:3      | Killed Grinder
  2196 | D:3      | Reached XP level 5. HP: 30/30 MP: 5/5
  2196 | D:3      | Reached XP level 6. HP: 35/35 MP: 6/6
  2371 | D:3      | Found a faded altar of an unknown god.
  2386 | D:3      | Got Plato's Incunable of Striking
  2699 | D:3      | Found a sparkling altar of Nemelex Xobeh.
  2973 | D:4      | Reached XP level 7. HP: 40/40 MP: 7/7
  3690 | D:5      | Entered Level 5 of the Dungeon
  3710 | D:5      | Found a hazy altar of Hepliaklqana.
  4105 | D:5      | Reached XP level 8. HP: 44/44 MP: 8/8
  4371 | D:5      | Reached skill level 10 in Ranged Weapons
  4439 | D:5      | Found a staircase to the Ecumenical Temple.
  4560 | Temple   | Entered the Ecumenical Temple
  4986 | D:6      | Found a sand-covered staircase.
  4992 | Ossuary  | Entered an ossuary
  5164 | Ossuary  | Reached XP level 9. HP: 46/48 MP: 9/9
  6039 | D:7      | Noticed a gargoyle
  6040 | D:7      | Noticed a cyclops
  6065 | D:7      | Killed a gargoyle
  6299 | D:7      | Noticed Menkaure
  6305 | D:7      | Killed Menkaure
  6517 | D:7      | Killed a cyclops
  6652 | D:7      | Killed an unseen horror
  6653 | D:7      | Reached XP level 10. HP: 47/53 MP: 10/10
  6700 | D:8      | Found a shimmering altar of Xom.
  6976 | D:8      | Reached skill level 15 in Ranged Weapons
  7478 | D:8      | Found a staircase to the Lair.
  7578 | D:8      | Noticed a deep elf zephyrmancer
  7586 | D:8      | Killed a deep elf zephyrmancer
  7970 | D:9      | Noticed a two-headed ogre
  7975 | D:9      | Killed a two-headed ogre
  8029 | D:9      | Found an iron altar of Okawaru.
  8035 | D:9      | Reached XP level 11. HP: 60/60 MP: 11/11
  8036 | D:9      | Became a worshipper of Warmaster Okawaru
  8144 | D:9      | Reached skill level 1 in Invocations
  8379 | D:9      | Identified a scroll of acquirement
  8389 | D:9      | Acquired the amulet of the Voivode {Reflect Slay+6 SH+5
                  | Stlth+}
  8795 | Lair:1   | Entered Level 1 of the Lair of Beasts
  8889 | D:10     | Entered Level 10 of the Dungeon
  8889 | D:10     | Found a burning altar of Makhleb.
  8920 | D:10     | Reached * piety under Okawaru
  9093 | D:10     | Noticed Erica
  9104 | D:10     | Killed Erica
  9105 | D:10     | Reached skill level 5 in Fighting
  9173 | D:10     | Noticed Harold
  9179 | D:10     | Killed Harold
  9179 | D:10     | Reached ** piety under Okawaru
  9288 | D:10     | Noticed a deep elf pyromancer
  9292 | D:10     | Killed a deep elf pyromancer
  9293 | D:10     | Reached skill level 5 in Dodging
  9314 | D:10     | Reached *** piety under Okawaru
 10217 | Lair:1   | Reached **** piety under Okawaru
 10226 | Lair:1   | Reached XP level 12. HP: 71/72 MP: 15/15
 11145 | Lair:2   | Found a frozen archway.
 11170 | Lair:2   | Reached skill level 5 in Invocations
 11180 | Lair:2   | Found a staircase to the Swamp.
 11439 | Lair:2   | Noticed a five-headed hydra
 11453 | Lair:2   | Killed a five-headed hydra
 11453 | Lair:2   | Reached ***** piety under Okawaru
 11598 | Lair:2   | Identified the +0 crystal plate armour of Distant Worlds
                  | {rCorr Dex+5} (Okawaru gifted it to you on level 2 of the
                  | Lair of Beasts)
 11598 | Lair:2   | Received a gift from Okawaru
 12363 | Lair:3   | Found a hole to the Spider Nest.
 12366 | Lair:3   | Noticed a six-headed hydra
 12373 | Lair:3   | Killed a six-headed hydra
 12799 | Lair:3   | Reached skill level 10 in Fighting
 13497 | Lair:4   | Identified the +0 scale mail "Tyriwn" {Int+3}
 13550 | Lair:4   | Reached XP level 13. HP: 54/83 MP: 9/18
 14008 | Lair:4   | Found a viscous altar of Jiyva.
 14022 | Lair:4   | Found a staircase to the Slime Pits.
 14319 | Lair:5   | Entered Level 5 of the Lair of Beasts
 14968 | Lair:5   | Identified the +2 troll leather armour of the Flute {Regen+
                  | Str+4} (Okawaru gifted it to you on level 5 of the Lair of
                  | Beasts)
 14968 | Lair:5   | Received a gift from Okawaru
 15165 | Lair:5   | Reached ****** piety under Okawaru
 15940 | D:11     | Reached skill level 10 in Dodging
 16170 | D:11     | Found Rejyfas's Magic Scroll Shop.
 16178 | D:11     | Bought a scroll of enchant weapon for 105 gold pieces
 16347 | D:11     | Gained mutation: Your large and strong wings let you fly.
                  | [Gargoyle growth]
 16347 | D:11     | Reached XP level 14. HP: 92/92 MP: 20/20
 16934 | D:12     | Received a gift from Okawaru
 17171 | D:12     | Found a staircase to the Orcish Mines.
 17670 | Orc:1    | Entered Level 1 of the Orcish Mines
 17944 | Orc:1    | Found Kuwokhis's Distillery.
 18105 | Orc:2    | Entered Level 2 of the Orcish Mines
 18355 | Orc:2    | Received a gift from Okawaru
 18447 | Orc:2    | Found Fuliz's Armour Shop.
 18495 | Orc:2    | Found Xoym's Antique Armour Emporium.
 18499 | Orc:2    | Noticed Saint Roka
 18547 | Orc:2    | Killed Saint Roka
 18547 | Orc:2    | Identified the +3 pair of gloves of Analysis {*Corrode
                  | rElec rPois} (Okawaru gifted it to you on level 2 of the
                  | Orcish Mines)
 18547 | Orc:2    | Received a gift from Okawaru
 18597 | Orc:2    | Found Paamuoxt's Antique Weapon Boutique.
 18598 | Orc:2    | Found Hosoerecaf's Assorted Antiques.
 18623 | Orc:2    | Bought a scroll of enchant armour for 225 gold pieces
 18631 | Orc:2    | Found a burning altar of Makhleb.
 18717 | Orc:2    | Reached XP level 15. HP: 101/101 MP: 22/22
 18848 | Orc:2    | Found a staircase to the Elven Halls.
 18941 | Orc:2    | Reached skill level 15 in Fighting
 19140 | Orc:1    | Bought a potion of mutation for 112 gold pieces
 19140 | Orc:1    | Bought a potion of curing for 42 gold pieces
 19140 | Orc:1    | Bought a potion of curing for 42 gold pieces
 19140 | Orc:1    | Bought a potion of heal wounds for 70 gold pieces
 19140 | Orc:1    | Bought a potion of might for 56 gold pieces
 19140 | Orc:1    | Bought a potion of curing for 42 gold pieces
 19140 | Orc:1    | Bought 2 potions of haste for 280 gold pieces
 19140 | Orc:1    | Bought a potion of heal wounds for 70 gold pieces
 19437 | D:13     | Noticed Maurice
 19442 | D:13     | Killed Maurice
 19611 | D:13     | Identified the ring of Suspicion {Wiz rPois rF- rCorr SInv}
 19629 | D:13     | Identified the +10 long sword "Asicrew" {drain, rCorr Str+2
                  | Dex+4}
 19847 | D:13     | Found Hecrox's Magic Scroll Emporium.
 19852 | D:13     | Bought a scroll of teleportation for 51 gold pieces
 19852 | D:13     | Bought a scroll of enchant weapon for 127 gold pieces
 19852 | D:13     | Bought a scroll of teleportation for 51 gold pieces
 19891 | D:13     | Noticed Azrael
 19919 | D:13     | Killed Azrael
 19958 | D:13     | Found Vagon's Antique Armour Boutique.
 20327 | D:13     | Noticed Lodul
 20335 | D:13     | Killed Lodul
 20603 | D:13     | Received a gift from Okawaru
 20723 | D:14     | Noticed Nessos
 20728 | D:14     | Found a gate to the Vaults.
 20728 | D:14     | Noticed Rupert
 20728 | D:14     | Paralysed by Rupert for 2 turns
 20732 | D:14     | Found a broken altar of Ashenzari.
 20955 | D:14     | Identified the +9 great sword "Ponumyju" {protect, rF++ rC-
                  | rN+++} (Okawaru gifted it to you on level 14 of the
                  | Dungeon)
 20955 | D:14     | Received a gift from Okawaru
 21107 | D:14     | Killed Nessos
 21134 | D:14     | You are sucked into a shaft and drop 1 floor!
 21134 | D:15     | Entered Level 15 of the Dungeon
 21172 | D:15     | Found Wasim's Tremendous Tomes.
 21355 | D:15     | Noticed Agnes
 21368 | D:15     | Killed Agnes
 21375 | D:15     | Found a staircase to the Depths.
 21481 | D:15     | Reached XP level 16. HP: 99/110 MP: 23/23
 21493 | D:15     | Received a gift from Okawaru
 22297 | D:14     | Killed Rupert
 22632 | Spider:1 | Entered Level 1 of the Spider Nest
 22861 | Spider:1 | Reached skill level 15 in Dodging
 22986 | Spider:1 | Received a gift from Okawaru
 23609 | Spider:1 | Slain by a wolf spider

Illustrated notes

Levels and vault maps discovered:
D:1:      dpeg_arrival_three_bigger_balls, layout_loops_ring
D:2:      kennysheep_big_flooded_room, layout_loops_ring, nrook_mini_backslash
D:3:      layout_basic, nemelex_dance_club_becter,
          shapermc_ecumenical_altar_rom_forum, uniq_grinder
D:4:      layout_basic, nicolae_elevator_lobby_plus
D:5:      layout_loops_corners, old_standard_altar, minmay_temple_entry_glass
D:6:      layout_gridville, lightli_ossuary_entry_decrepit_ruins
D:7:      minmay_chambers_of_sixes, layout_rooms, uniq_menkaure
D:8:      layout_loops_ring, xom_confusion_cloud,
          grunt_lair_entry_orc_guard_hut, grunt_ministairs_4, minivault_19,
          guppyfry_early_elven_hall
D:9:      layout_basic, okawaru_trees_2
D:10:     layout_gridville, bloody_makhleb, uniq_erica, uniq_harold
D:11:     layout_loops_corners, serial_shops, shop, kennysheep_generic_room_4
D:12:     layout_cave_pods, david_orc_5
D:13:     layout_loops_ring, serial_shops, kennysheep_little_box,
          nicolae_take_the_stairs, drop_trap, minmay_misc_feat_four_crosses,
          minmay_lindwurm_lava, uniq_maurice, uniq_azrael, uniq_lodul
D:14:     layout_rooms, david_vaults_3, hangedman_decor_growths,
          serial_bayou_pond_a, ashenzari_conservatory_becter
D:15:     grunt_enter_depths_giant_problem, layout_small_grid,
          serial_bayou_pond_e, serial_co_window_serial, co_window_cross_1,
          co_window_paths_a, co_window_paths_a, co_window_paths_a,
          co_window_corner_a, co_window_cross_4, co_window_2corner,
          co_window_2corner, co_window_corner_b, co_window_paths_c,
          co_window_corner_b, co_window_broadway_b, co_window_paths_e,
          glass_columns_b, glass_columns_c, glass_columns_c, glass_columns_a,
          nicolae_shop_i_like_big_books, uniq_agnes
Temple:   bh_familiar_temple
Lair:1:   layout_layer_cave, grunt_megastairs_5, infiniplex_staircase_pool
Lair:2:   layout_regular_city, minmay_swamp_entry_worms, portal_ice_cave_rime,
          small_statue_intersection, nicolae_lair_run_with_the_wolves
Lair:3:   minmay_lair_oklob_tunnel, layout_regular_city, dummy_spider_entry
Lair:4:   layout_long_grid, nicolae_slime_entry_slimehenge, grunt_megastairs_3,
          lemuel_fruit_tree
Lair:5:   evilmike_catoblepas_cave, layout_cave_pods, serial_bayou_shore_a
Spider:1: layout_spider_delve
Spider:2: layout_spider_delve, spiders_nest_spider_trap
Orc:1:    layout_caves, serial_shops, nicolae_shop_advertising_works
          [nicolae_subvault_shop_adworks]
Orc:2:    st_orc_open, layout_caves, basic_altar, nicolae_orc_rockfall,
          uniq_saint_roka, uniq_nessos

Skill      XL: |  1  2  3  4  5  6  7  8  9 10 11 12 13 14 15 16 |
---------------+-------------------------------------------------+-----
Ranged Weapons | 5 7 8 9 11 14 16 | 16.0
Dodging        | 3 6 8 10 11 14 15 | 15.4
Fighting       | 3 7 10 12 14 16 | 16.0
Invocations    | 4 6 8 9 |  9.5
Stealth        | |  1.1

Action                   |  1- 3 |  4- 6 |  7- 9 | 10-12 | 13-15 | 16-18 || total
-------------------------+-------+-------+-------+-------+-------+-------++-------
 Fire: Shortbow          |    86 |    81 |   319 |   556 |  1317 |   237 ||  2596
Throw: Throwing net      |       |       |     2 |       |       |       ||     2
Invok: Heroism           |       |       |       |     2 |     3 |     2 ||     7
       Finesse           |       |       |       |     1 |     3 |     2 ||     6
Evoke: Wand              |       |       |     1 |       |       |       ||     1
  Use: Scroll            |     8 |    10 |    10 |    10 |     7 |       ||    45
       Potion            |       |       |     1 |     3 |     7 |     1 ||    12
Armor: Leather armour    |     6 |     6 |    53 |    60 |       |       ||   125
       Steam dragon scal |       |       |       |    32 |     4 |       ||    36
       Troll leather arm |       |       |       |       |   201 |    48 ||   249
Dodge: Dodged            |    18 |    12 |    54 |   124 |   321 |   133 ||   662
Block: Other             |       |       |       |    19 |    84 |    28 ||   131
       Reflection        |       |       |       |     1 |     9 |       ||    10

Table legend: (Time is in decaauts)
 A = Elapsed time spent in this place.
 B = Non-inter-level travel time spent in this place.
 C = Inter-level travel time spent in this place.
 D = Time resting spent in this place.
 E = Time spent auto-exploring this place.
 F = Levels seen in this place.
 G = Mean time per level.
                   A        B        C        D        E       F      G
               +--------+--------+--------+--------+--------+-----+--------+
         Total |  23136 |  21494 |   1642 |   2984 |  15151 |  26 |  889.8 |
       Dungeon |  14290 |  13320 |    970 |   2036 |   9344 |  15 |  952.7 |
        Temple |    184 |    155 |     29 |      0 |    154 |   1 |  184.0 |
          Lair |   5858 |   5515 |    343 |    913 |   3922 |   5 | 1171.6 |
   Spider Nest |    940 |    848 |     92 |     12 |    688 |   2 |  470.0 |
  Orcish Mines |   1543 |   1337 |    206 |     22 |    926 |   2 |  771.5 |
       Ossuary |    318 |    318 |      0 |      0 |    117 |   1 |  318.0 |
               +--------+--------+--------+--------+--------+-----+--------+

Top non-repeatable levels by time:
  Lair:3: 1495 daAuts
  Lair:5: 1412 daAuts
  Lair:1: 1188 daAuts
    D:13: 1160 daAuts
     D:7: 1148 daAuts
     D:3: 1121 daAuts
     D:8: 1074 daAuts
     D:5: 1019 daAuts
    D:15: 1004 daAuts
     D:1: 1002 daAuts
    D:12: 999 daAuts
   Orc:2: 980 daAuts
     D:9: 975 daAuts
  Lair:2: 940 daAuts
    D:10: 936 daAuts
